 Dungeon Crawl Stone Soup version 0.21-a0-349-g0c35859 (webtiles) character file.

1651 Hocus the Basher (level 9, -11/80 HPs)
             Began as an Ogre Skald on Oct 8, 2017.
             Was a Follower of Okawaru.
             Mangled by a two-headed ogre
             ... wielding a +0 giant spiked club
              (13 damage)
             ... on level 8 of the Dungeon.
             The game lasted 00:23:02 (8861 turns).

Hocus the Basher (Ogre Skald)                       Turns: 8861, Time: 00:23:02

Health: -11/80     AC:  5    Str: 20    XL:     9   Next: 0%
Magic:  8/12       EV: 12    Int: 14    God:    Okawaru [*.....]
Gold:   439        SH:  0    Dex:  8    Spells: 1/12 levels left

rFire    . . .     SeeInvis .   H - +0 giant spiked club
rCold    + . .     Gourm    .   (shield currently unavailable)
rNeg     . . .     Faith    +   b - +0 robe
rPois    .         Spirit   .   (helmet restricted)
rElec    .         Reflect  .   (no cloak)
rCorr    .         Harm     .   (gloves unavailable)
MR       .....                  (boots unavailable)
Stlth    ++........             x - amulet of faith
HPRegen  0.23/turn              e - +2 ring of protection
MPRegen  0.13/turn              h - ring of protection from cold

@: heroism, infused
A: unfitting armour, tough skin 1
a: Heroism, Renounce Religion


You were on level 8 of the Dungeon.
You worshipped Okawaru.
Okawaru was aware of your devotion.
You were not hungry.

You visited 2 branches of the dungeon, and saw 9 of its levels.

You collected 439 gold pieces.

Inventory:

Hand Weapons
 k - a +0 giant club
 u - a +1 flail of protection
 y - a +2 antimagic whip
 H - a +0 giant spiked club (weapon)
Missiles
 D - a javelin of returning (quivered)
 E - 3 silver tomahawks
Armour
 b - a +0 robe (worn)
Jewellery
 e - a +2 ring of protection (left hand)
 h - a ring of protection from cold (right hand)
 j - an uncursed amulet of rage
 l - an uncursed ring of magical power
 x - an amulet of faith (around neck)
Scrolls
 a - a scroll of noise {unknown}
 f - 2 scrolls of teleportation
 g - a scroll of fog {unknown}
 i - 5 scrolls of remove curse
 m - 2 scrolls of enchant weapon {unknown}
 n - 3 scrolls of fear {unknown}
 o - 2 scrolls of identify
 s - 2 scrolls of amnesia {unknown}
 w - a scroll of magic mapping
 z - a scroll of enchant armour {unknown}
 F - a scroll of immolation {unknown}
 I - a scroll of recharging {unknown}
Potions
 p - a potion of heal wounds
 q - a potion of might
 r - a potion of invisibility
 t - a potion of mutation
 A - 2 potions of brilliance
 C - a potion of lignification
Books
 c - a book of Battle

   Spells                             Type                      Level
   a - Infusion                       Charms                       1
   b - Shroud of Golubria             Charms/Translocation         2
   c - Song of Slaying                Charms                       2
   d - Spectral Weapon                Hexes/Charms                 3
   e - Regeneration                   Charms/Necromancy            3
Comestibles
 G - 13 fruits


   Skills:
 - Level 2.6(7.6) Fighting
 + Level 10.3(15.3) Maces & Flails
 - Level 2.1(7.1) Dodging
 - Level 2.4 Spellcasting
 + Level 2.6 Charms
 + Level 0.0 Invocations


You had one spell level left.
You knew the following spells:

 Your Spells              Type           Power        Failure   Level  Hunger
a - Infusion              Chrm           #...         8%          1    #......
b - Song of Slaying       Chrm           #.......     12%         2    ###....
c - Spectral Weapon       Hex/Chrm       #.......     36%         3    ###....
d - Shroud of Golubria    Chrm/Tloc      #.........   21%         2    ###....
e - Regeneration          Chrm/Necr      #.........   36%         3    ###....


Dungeon Overview and Level Annotations

Branches:
Dungeon (8/15)             Temple (1/1) D:6
   Lair: D:8-11

Altars:
Ashenzari
Dithmenos
Elyvilon
Fedhas
Gozag
Hepliaklqana
Kikubaaqudgha
Makhleb
Nemelex Xobeh
Okawaru
Ru
Sif Muna
Trog
Uskayaw
Vehumet
Wu Jian
Xom
Yredelemnul
Zin
The Shining One

Shops:
D:4 :


Innate Abilities, Weirdness & Mutations

You are too large for most types of armour.
You have tough skin. (AC +1)


Message History

You impale the two-headed ogre!!
The two-headed ogre is heavily wounded.
The two-headed ogre hits you with a giant spiked club! x2
You puncture the two-headed ogre!
The two-headed ogre is severely wounded.
The two-headed ogre hits you with a giant spiked club.
* * * LOW HITPOINT WARNING * * *
The two-headed ogre hits you with a giant spiked club.
* * * LOW HITPOINT WARNING * * *
You hit the two-headed ogre.
The two-headed ogre is severely wounded.
The two-headed ogre barely misses you.
The two-headed ogre hits you with a giant spiked club!!
* * * LOW HITPOINT WARNING * * *
You barely miss the two-headed ogre.
The two-headed ogre is severely wounded.
You barely miss the two-headed ogre.
The two-headed ogre is severely wounded.
The two-headed ogre hits you with a giant spiked club!
You die...

##..####
##..## #..##
##.## ##..#
#####..## #
####.....##
#..#........#
#...@.....##
#...O.....#
#.........#
#..........#
#....(.....#
#......(....#
#.......(...#
##.......(..#


You could see a two-headed ogre.

Vanquished Creatures
  A hungry ghost (D:7)
  Duvessa (D:5)
  3 ogres
  An eye of draining (D:4)
  An ice beast (D:7)
  2 centaurs
  A bullfrog (D:6)
  Dowan (D:5)
  2 crimson imps
  2 bullfrog zombies
  A centaur zombie (D:7)
  2 jellies
  An orc priest (D:6)
  An iguana (D:6)
  2 orc wizards
  3 worker ants
  A hound skeleton (D:8)
  A gnoll (D:4)
  15 adders
  2 oozes
  4 worms
  3 dart slugs
  7 leopard geckos
  9 orcs
  A ball python (D:1)
  5 giant cockroaches
  2 gnoll zombies (D:2)
  4 goblins
  8 hobgoblins
  7 jackals (D:5)
  7 quokkas
  8 bats
  7 frilled lizards
  6 kobolds
  A quokka skeleton (D:8)
  8 rats
131 creatures vanquished.

Notes
Turn   | Place    | Note
-------+----------+-------------------------------------------
     0 | D:1      | Hocus the Ogre Skald began the quest for the Orb.
     0 | D:1      | Reached XP level 1. HP: 22/22 MP: 3/3
    62 | D:1      | Reached skill level 2 in Maces & Flails
   231 | D:1      | Reached XP level 2. HP: 28/29 MP: 5/5
   282 | D:1      | Learned a level 2 spell: Song of Slaying
   548 | D:1      | Reached skill level 3 in Maces & Flails
   588 | D:1      | Reached XP level 3. HP: 36/36 MP: 6/6
   652 | D:1      | Learned a level 3 spell: Spectral Weapon
   922 | D:2      | Found a shimmering altar of Xom.
   951 | D:2      | Reached XP level 4. HP: 12/44 MP: 3/7
  1394 | D:2      | Reached skill level 4 in Maces & Flails
  1965 | D:2      | Found a sacrificial altar of Ru.
  2161 | D:2      | Found a basalt altar of Yredelemnul.
  2618 | D:3      | Found an ornate altar of the Wu Jian Council.
  2631 | D:3      | Reached XP level 5. HP: 49/50 MP: 8/8
  2715 | D:3      | Found a white marble altar of Elyvilon.
  2971 | D:3      | Learned a level 2 spell: Shroud of Golubria
  3022 | D:4      | Found Xammo's Book Emporium.
  3095 | D:4      | Found a bloodstained altar of Trog.
  3095 | D:4      | Noticed an eye of draining
  3119 | D:4      | Killed an eye of draining
  3119 | D:4      | Reached skill level 5 in Maces & Flails
  3119 | D:4      | Reached XP level 6. HP: 59/59 MP: 0/9
  3352 | D:4      | Found a deep blue altar of Sif Muna.
  3579 | D:4      | Found a glowing golden altar of the Shining One.
  3611 | D:4      | Reached skill level 6 in Maces & Flails
  3910 | D:5      | Entered Level 5 of the Dungeon
  4356 | D:5      | Reached XP level 7. HP: 65/66 MP: 3/10
  4645 | D:5      | Noticed Duvessa
  4646 | D:5      | Noticed Dowan
  4705 | D:5      | Killed Duvessa
  4705 | D:5      | Reached skill level 7 in Maces & Flails
  4844 | D:5      | Killed Dowan
  5333 | D:6      | Reached skill level 8 in Maces & Flails
  5592 | D:6      | Reached XP level 8. HP: 65/74 MP: 5/11
  5806 | D:6      | Found a radiant altar of Vehumet.
  5806 | D:6      | Found a shattered altar of Ashenzari.
  5807 | D:6      | Found a glowing golden altar of the Shining One.
  5822 | D:6      | Found a staircase to the Ecumenical Temple.
  6094 | D:6      | Reached skill level 9 in Maces & Flails
  6321 | Temple   | Entered the Ecumenical Temple
  6444 | Temple   | Became a worshipper of Warmaster Okawaru
  7322 | D:7      | Reached * piety under Okawaru
  7322 | D:7      | Reached skill level 10 in Maces & Flails
  7559 | D:7      | Found an ancient bone altar of Kikubaaqudgha.
  8277 | D:8      | Found a sacrificial altar of Ru.
  8415 | D:8      | Reached XP level 9. HP: 79/80 MP: 10/12
  8431 | D:8      | Learned a level 3 spell: Regeneration
  8461 | D:8      | Found a blossoming altar of Fedhas.
  8531 | D:8      | Noticed a two-headed ogre
  8859 | D:8      | HP: 2/80 [two-headed ogre/giant spiked club (18)]
  8861 | D:8      | Mangled by a two-headed ogre

Vault maps used:
D:1:      tarquinn_simple_flora_water_b
D:2:      lemuel_zombie_altar_yredelemnul, xom_butterflies,
          minmay_misc_feat_nine_boxes, nicolae_ru_awakened_eye
D:3:      lemuel_doored_altar, nicolae_overflow_hidden_temple, minivault_25
D:4:      led_sif_pool, trog_eyes_of_draining, serial_shops, kennysheep_mini,
          nicolae_tso_carved_into_rock
D:5:      first_bread, uniq_duvessa
D:6:      gammafunk_temple_overflow_claw, minmay_temple_entry_statues
D:7:      kennysheep_little_box
D:8:      kennysheep_mini_moat, marbit_many_paths
Temple:   dpeg_chambers_temple

Skill      XL: |  1  2  3  4  5  6  7  8 |
---------------+-------------------------+-----
Maces & Flails | 2 3 4 5 6 8 10 | 10.3
Fighting       | |  2.6
Dodging        | |  2.1
Spellcasting   | |  2.4
Charms         | |  2.6

Action                   |  1- 3 |  4- 6 |  7- 9 || total
-------------------------+-------+-------+-------++-------
Melee: Mace              |    72 |    62 |       ||   134
       Flail             |       |   196 |    45 ||   241
       Giant club        |       |       |   155 ||   155
       Giant spiked club |       |       |    30 ||    30
Throw: Javelin           |       |     3 |     5 ||     8
       Tomahawk          |       |       |    17 ||    17
 Cast: Infusion          |     5 |    14 |    16 ||    35
       Song of Slaying   |     1 |     2 |     4 ||     7
Invok: Heroism           |       |       |     1 ||     1
  Use: Scroll            |       |     3 |     5 ||     8
       Potion            |       |       |     4 ||     4
 Stab: Sleeping          |       |     1 |       ||     1
  Eat: Chunk             |       |    12 |     5 ||    17
       Royal jelly       |       |       |     4 ||     4
       Fruit             |       |       |     1 ||     1
       Bread ration      |       |       |     8 ||     8
Armor: Robe              |    27 |   118 |    83 ||   228
       Skin              |       |       |     7 ||     7
Dodge: Dodged            |    39 |   134 |   133 ||   306

Table legend:
 A = Spawn XP
 B = Non-spawn XP
 C = Spawn XP percentage of total XP
 D = Spawn monster count
 E = Non-spawn monster count
 F = Spawn count percentage of total count
 G = Total turns spent on level
                    A         B        C        D         E        F      G
               +---------+---------+-------+---------+---------+-------+---------
         Total |       0 |    2359 |   0.0 |       0 |     131 |   0.0 |  8861
               +---------+---------+-------+---------+---------+-------+---------
           D:1 |       0 |      50 |   0.0 |       0 |      25 |   0.0 |   910
           D:2 |       0 |      78 |   0.0 |       0 |      21 |   0.0 |  1312
           D:3 |       0 |      54 |   0.0 |       0 |      21 |   0.0 |   788
           D:4 |       0 |     271 |   0.0 |       0 |       9 |   0.0 |   998
           D:5 |       0 |     535 |   0.0 |       0 |      21 |   0.0 |  1280
           D:6 |       0 |     603 |   0.0 |       0 |      15 |   0.0 |  1062
           D:7 |       0 |     582 |   0.0 |       0 |       9 |   0.0 |  1743
           D:8 |       0 |     186 |   0.0 |       0 |      10 |   0.0 |   622
               +---------+---------+-------+---------+---------+-------+---------
